Map: Arctic Dream LE

Players

Sneakyman - Winner!

  • Race: Protoss Protoss
  • Spawn Location: 5:00

Johnnyman - Winner!

  • Race: Zerg Zerg
  • Spawn Location: 6:00

qqq

  • Race: Terran Terran
  • Spawn Location: 11:00

Massa

  • Race: Protoss Protoss
  • League: Platinum
  • Spawn Location: 12:00

VOD

Have the link to the VOD?

Description

Time

  • Played on: Nov. 6, 2020, 2:08 p.m.
  • Length: 18:32
Show
View Real Time Build Order
Export as new Build Order

Sneakyman Protoss - Winner!

Build Orders: Carriers 

Get SALT Encoding   

  12  0:00  Probe  
  13  0:12  Probe  
  14  0:20  Pylon  
  14  0:25  Probe  
  15  0:38  Probe (Chrono Boost)  
  16  0:44  Gateway  
  16  0:47  Probe (Chrono Boost)  
  17  0:52  Probe (Chrono Boost)  
  18  1:04  Probe (Chrono Boost)  
  18  1:07  Assimilator  
  18  1:09  Assimilator  
  19  1:17  Probe (Chrono Boost)  
  20  1:23  Probe (Chrono Boost)  
  21  1:33  Probe, Cybernetics Core  
  22  1:41  Gateway  
  22  1:43  Pylon  
  22  1:47  Probe  
  23  2:01  Probe  
  24  2:12  Warp Gate  
  24  2:14  Nexus  
  24  2:28  Probe, Pylon  
  25  2:30  Stalker  
  27  2:42  Pylon  
  27  2:46  Probe  
  27  2:48  Pylon  
  28  2:53  Stargate  
  29  2:58  Probe  
  29  3:12  Probe  
  30  3:23  Assimilator  
  30  3:24  Probe  
  31  3:27  Probe  
  31  3:29  Void Ray (Chrono Boost)  
  31  3:31  Stalker x2  
  36  3:36  Probe  
  41  3:46  Probe  
  41  3:48  Probe  
  43  3:58  Probe  
  43  3:59  Void Ray (Chrono Boost)  
  43  4:00  Probe  
  49  4:10  Probe  
  49  4:12  Probe  
  51  4:17  Shield Battery x2  
  51  4:20  Pylon  
  51  4:22  Shield Battery  
  51  4:30  Void Ray (Chrono Boost)  
  51  4:36  Probe x2  
  54  5:01  Void Ray (Chrono Boost)  
  50  5:13  Probe x2  
  56  5:17  Twilight Council  
  56  5:21  Pylon  
  56  5:23  Forge  
  56  5:24  Forge  
  56  5:25  Probe x2  
  58  5:31  Void Ray  
  58  5:37  Probe  
  58  5:40  Nexus  
  58  5:42  Pylon  
  63  5:50  Probe  
  63  5:51  Probe  
  65  6:08  Void Ray  
  65  6:09  Probe x2  
  71  6:21  Probe x2  
  73  6:36  Probe  
  73  6:37  Probe  
  75  6:45  Void Ray  
  75  6:49  Probe x2  
  75  6:50  Assimilator  
  75  6:53  Fleet Beacon  
  81  7:01  Probe x2  
  83  7:13  Probe x2  
  85  7:18  Probe  
  86  7:25  Probe x2  
  88  7:30  Probe  
  89  7:37  Void Ray  
  89  7:39  Probe x2  
  91  7:50  Pylon  
  91  7:52  Probe x3, Shield Battery  
  91  7:54  Pylon  
  91  7:55  Pylon  
  94  8:04  Probe x2, Assimilator  
  96  8:06  Protoss Shields Level 1, Protoss Ground Weapons Level 1  
  96  8:08  Charge  
  96  8:09  Assimilator  
  96  8:17  Void Ray  
  92  8:20  Protoss Air Weapons Level 1  
  92  8:24  Probe x2  
  98  8:31  Stargate  
  98  8:33  Probe  
  99  8:35  Stargate  
  99  8:36  Probe  
  99  8:37  Probe  
  101  8:45  Probe  
  102  8:48  Probe  
  102  8:55  Void Ray  
  94  9:02  Zealot  
  92  9:03  Zealot  
  92  9:10  Gateway  
  92  9:11  Gateway  
  88  9:18  Gateway x2  
  87  9:26  Zealot x2  
  88  9:32  Probe x3  
  90  9:44  Probe x2  
  92  9:57  Nexus  
  92  9:58  Stargate, Carrier (Chrono Boost), Pylon  
  92  9:59  Carrier x2 (Chrono Boost)  
  104  10:01  Stargate  
  104  10:02  Pylon x2  
  104  10:03  Pylon  
  104  10:06  Pylon  
  110  10:10  Pylon  
  110  10:29  Zealot x2  
  110  10:30  Zealot x4  
  110  10:35  Protoss Air Weapons Level 2  
  128  10:46  Carrier (Chrono Boost)  
  128  10:48  Carrier (Chrono Boost), Assimilator  
  134  10:52  Assimilator  
  134  11:00  Photon Cannon  
  134  11:02  Photon Cannon, Carrier (Chrono Boost)  
  134  11:06  Photon Cannon  
  134  11:10  Photon Cannon  
  140  11:13  Photon Cannon  
  140  11:18  Protoss Shields Level 2  
  139  11:25  Cybernetics Core  
  139  11:27  Pylon  
  139  11:41  Carrier x2 (Chrono Boost)  
  151  12:17  Carrier (Chrono Boost)  
  151  12:18  Carrier (Chrono Boost)  
  159  12:26  Pylon  
  159  12:27  Pylon  
  159  12:30  Pylon x2  
  159  12:37  Probe x3  
  162  12:50  Zealot x5  
  162  12:51  Zealot  
  164  13:05  Carrier  
  164  13:06  Carrier  
  169  13:14  Protoss Ground Weapons Level 2 (Chrono Boost)  
  164  13:26  Oracle x2  
  164  13:35  Probe (Chrono Boost)  
  164  13:36  Probe x2 (Chrono Boost)  
  164  13:40  Probe (Chrono Boost)  
  168  13:45  Probe x3 (Chrono Boost)  
  172  13:49  Probe (Chrono Boost), Photon Cannon  
  172  13:50  Probe x3 (Chrono Boost)  
  172  13:52  Photon Cannon  
  172  13:54  Pylon  
  175  13:56  Pylon  
  175  13:59  Probe  
  175  14:01  Probe  
  173  14:09  Templar Archives  
  173  14:11  Carrier x4  
  173  14:13  Unknown  
  195  14:26  Protoss Air Armor Level 1  
  195  14:27  Protoss Shields Level 3 (Chrono Boost)  
  195  14:32  Protoss Air Weapons Level 3  
  195  14:40  Photon Cannon  
  195  15:01  Nexus  
  195  15:05  Pylon x2  
  195  15:06  Probe x4  
  193  16:53  Carrier x3  
Show
View Real Time Build Order
Export as new Build Order

Johnnyman Zerg - Winner!

Build Orders: Hatch First 

Get SALT Encoding   

  12  0:00  Drone  
  13  0:08  Drone  
  14  0:16  Overlord  
  14  0:23  Extractor  
  14  0:24  Drone  
  15  0:35  Drone x2  
  17  0:53  Hatchery  
  17  0:57  Drone  
  17  0:59  Drone  
  17  1:02  Extractor  
  17  1:06  Drone  
  18  1:21  Drone  
  19  1:27  Drone  
  20  1:42  Extractor, Spawning Pool  
  20  1:44  Drone  
  19  1:52  Drone  
  20  1:59  Overlord  
  20  2:10  Drone x2  
  22  2:19  Drone  
  23  2:29  Zergling x4  
  25  2:30  Metabolic Boost  
  25  2:31  Lair  
  25  2:33  Queen  
  25  2:35  Zergling x2  
  28  2:55  Overlord  
  28  2:56  Drone  
  28  2:57  Drone x2  
  30  3:01  Extractor  
  30  3:02  Drone  
  30  3:03  Overlord  
  30  3:14  Zergling x4  
  30  3:17  Queen  
  34  3:22  Drone  
  35  3:32  Spire  
  33  3:58  Overlord  
  33  4:02  Drone x7  
  40  4:22  Spore Crawler  
  39  4:25  Spore Crawler  
  39  4:26  Overseer  
  39  4:29  Pneumatized Carapace  
  38  4:48  Mutalisk x5  
  48  4:57  Mutalisk  
  50  5:04  Extractor  
  49  5:14  Mutalisk  
  47  5:52  Mutalisk x3  
  53  6:11  Mutalisk x2  
  57  6:37  Mutalisk  
  59  6:40  Overlord  
  59  6:41  Overlord  
  54  7:38  Overseer  
  54  7:40  Mutalisk  
  54  7:41  Mutalisk x4  
  64  8:02  Mutalisk  
  64  8:03  Mutalisk  
  68  8:15  Spine Crawler, Zerg Flyer Weapons Level 1  
  60  9:22  Drone x2  
  60  9:23  Drone  
  61  9:24  Drone  
  61  9:25  Drone x4  
  61  9:27  Spine Crawler  
  65  9:31  Spine Crawler  
  64  9:40  Zergling x12  
  64  9:41  Zergling x4  
  72  9:48  Hatchery  
  63  10:15  Overseer  
  63  10:25  Drone x3  
  63  10:26  Drone x2  
  68  10:37  Overseer  
  68  10:55  Overlord  
  68  10:56  Overlord x3  
  52  11:40  Evolution Chamber, Infestation Pit, Zerg Flyer Armor Level 1  
  52  11:45  Evolution Chamber  
  49  11:47  Queen  
  49  11:48  Hatchery  
  49  11:51  Drone  
  49  11:52  Drone x16  
  67  11:56  Overseer  
  67  12:06  Zerg Melee Weapons Level 1  
  67  12:11  Zerg Ground Armor Level 1  
  67  12:16  Hive  
  67  12:18  Queen  
  67  12:22  Extractor  
  68  12:23  Extractor, Spore Crawler  
  68  12:25  Spore Crawler x2  
  68  12:26  Spore Crawler  
  68  12:28  Spine Crawler  
  68  12:29  Spine Crawler, Spore Crawler  
  60  12:32  Drone x3, Spine Crawler  
  60  12:33  Drone x2  
  60  12:34  Drone, Spine Crawler  
  60  12:35  Drone x10  
  74  12:56  Queen  
  76  13:03  Spore Crawler  
  75  13:32  Overseer  
  75  13:33  Overseer  
  75  13:39  Zergling x2  
  76  13:43  Adrenal Glands  
  76  13:46  Queen  
  78  13:49  Hatchery  
  77  14:00  Corruptor x3  
  77  14:01  Corruptor x3  
  89  14:03  Zergling x6  
  89  14:04  Zergling x24  
  89  14:07  Overlord x4  
  89  14:08  Zerg Melee Weapons Level 2  
  89  14:09  Zerg Ground Armor Level 2  
  104  14:11  Overseer  
  104  14:12  Hatchery  
  94  15:28  Queen  
  94  15:31  Drone x6  
  102  15:39  Mutalisk x6  
  102  15:40  Mutalisk x5  
  112  16:37  Overlord x3  
  112  16:38  Overseer x3, Overlord  
  112  16:39  Overseer  
  112  16:54  Zergling x24  
  113  16:55  Zergling x50  
  149  17:12  Corruptor  
  149  17:13  Corruptor x3  
  157  17:31  Extractor  
  157  17:32  Extractor  
  122  18:10  Zergling x2  
Show
View Real Time Build Order
Export as new Build Order

qqq Terran 

Build Orders: 2 Factory 

Get SALT Encoding   

  12  0:00  SCV  
  13  0:12  SCV  
  14  0:19  Supply Depot  
  14  0:25  SCV  
  15  0:41  SCV  
  16  0:53  SCV  
  17  1:05  SCV  
  18  1:14  Barracks  
  18  1:16  Refinery  
  18  1:17  SCV  
  19  1:29  SCV  
  20  1:37  Command Center  
  20  1:41  SCV  
  20  1:46  Refinery  
  21  1:53  SCV  
  22  2:06  Supply Depot  
  23  2:12  Orbital Command  
  23  2:15  Reaper  
  23  2:32  Factory  
  23  2:41  SCV  
  24  2:53  SCV  
  24  2:56  SCV  
  26  3:05  SCV  
  26  3:08  SCV  
  28  3:17  Factory Reactor  
  28  3:18  SCV  
  28  3:19  Factory  
  29  3:25  Orbital Command  
  29  3:30  SCV, Marine  
  31  3:42  SCV  
  31  3:48  Marine  
  32  3:54  SCV  
  32  3:55  Widow Mine x2  
  37  4:03  SCV  
  37  4:05  Refinery  
  38  4:11  Armory  
  38  4:13  SCV  
  38  4:15  SCV  
  38  4:17  Widow Mine x2  
  44  4:25  SCV  
  44  4:27  SCV  
  46  4:32  Factory Reactor  
  46  4:38  Supply Depot  
  47  5:00  Widow Mine x2, SCV x2, Engineering Bay  
  47  5:01  Supply Depot  
  52  5:11  Factory  
  52  5:12  SCV  
  53  5:23  Widow Mine x4  
  53  5:24  Supply Depot  
  61  5:32  Terran Vehicle Weapons Level 1  
  61  5:34  SCV  
  62  5:46  Widow Mine x2, SCV, Supply Depot  
  67  5:57  Factory Tech Lab  
  67  5:58  Widow Mine  
  67  5:59  SCV  
  67  6:03  Widow Mine  
  70  6:08  Widow Mine x2  
  70  6:09  Supply Depot  
  70  6:11  SCV  
  75  6:19  Widow Mine  
  77  6:26  Widow Mine  
  77  6:27  Command Center, Supply Depot  
  77  6:31  Widow Mine x3, Supply Depot  
  83  6:45  Smart Servos  
  83  6:47  Cyclone  
  83  6:51  Supply Depot  
  86  7:11  Widow Mine  
  86  7:12  Widow Mine  
  86  7:13  Supply Depot  
  86  7:19  Cyclone  
  81  7:37  Supply Depot  
  81  7:38  Widow Mine x4  
  89  7:52  Cyclone  
  92  7:59  Widow Mine  
  92  8:00  Widow Mine x3, Missile Turret, Supply Depot  
  100  8:06  Missile Turret  
  100  8:10  SCV  
  101  8:22  SCV  
  101  8:24  Cyclone  
  101  8:26  Missile Turret  
  105  8:31  Widow Mine x2  
  109  8:34  SCV  
  106  8:46  SCV  
  106  8:47  Missile Turret  
  105  8:56  Cyclone  
  105  8:58  SCV  
  107  9:08  Missile Turret  
  111  9:17  Widow Mine x4  
  115  9:27  SCV  
  115  9:28  Cyclone, Factory  
  115  9:30  Refinery  
  119  9:32  Refinery, SCV  
  119  9:34  Refinery  
  124  9:38  Widow Mine x3  
  124  9:39  Widow Mine, SCV  
  124  9:41  Terran Vehicle And Ship Armor Level 1  
  124  9:44  SCV  
  130  9:51  SCV  
  127  9:56  SCV  
  132  10:00  Widow Mine x3, Cyclone  
  132  10:03  SCV  
  132  10:04  Command Center  
  136  10:08  SCV  
  137  10:15  SCV  
  137  10:17  Widow Mine  
  137  10:20  SCV  
  137  10:21  Widow Mine x3, Factory Tech Lab  
  147  10:27  SCV  
  148  10:39  SCV  
  149  10:52  Supply Depot  
  149  10:53  SCV, Supply Depot  
  149  11:03  Widow Mine  
  149  11:14  Widow Mine x2, SCV, Thor  
  149  11:15  Supply Depot  
  149  11:16  Supply Depot  
  160  11:22  Widow Mine  
  160  11:25  Widow Mine  
  156  11:35  Widow Mine x2  
  156  11:38  Thor, Supply Depot x2  
  166  11:41  Terran Vehicle Weapons Level 2  
  166  11:44  Widow Mine  
  166  11:46  Widow Mine  
  170  11:57  Widow Mine, Thor  
  178  12:01  Supply Depot  
  178  12:21  Thor  
  178  12:22  Widow Mine  
  186  12:24  SCV  
  186  12:25  Supply Depot  
  187  12:36  SCV  
  188  12:40  Thor  
  194  12:47  Widow Mine x2  
  194  12:48  Widow Mine  
  172  13:23  Thor  
  165  13:30  Thor  
  165  13:33  Widow Mine x2  
  165  13:34  Widow Mine x2  
  165  13:50  Command Center  
  165  13:55  Widow Mine x4, Sensor Tower  
  172  13:57  Terran Vehicle And Ship Armor Level 2  
  171  14:06  Cyclone, SCV  
  175  14:13  Thor  
  175  14:16  Widow Mine x3  
  187  14:18  SCV  
  187  14:20  Command Center  
  188  14:24  Factory  
  188  14:27  Factory  
  188  14:30  SCV  
  189  14:37  Thor  
  195  14:42  SCV  
  196  14:47  Sensor Tower  
  195  15:23  Factory Tech Lab  
  195  15:28  Factory Tech Lab  
  195  15:31  Supply Depot  
  187  16:16  Thor x2  
  195  16:19  SCV  
  195  16:21  Missile Turret  
  183  16:37  Planetary Fortress  
  167  16:55  Thor x2  
  167  16:59  Thor x2  
  191  17:10  Widow Mine  
  191  17:11  Widow Mine x2  
  177  17:38  Thor x2  
  177  17:41  Thor  
Show
View Real Time Build Order
Export as new Build Order

Massa Protoss 

Build Orders: Oracle Opening 

Get SALT Encoding   

  12  0:00  Probe (Chrono Boost)  
  13  0:10  Probe (Chrono Boost)  
  14  0:15  Probe (Chrono Boost)  
  15  0:23  Pylon  
  15  0:41  Probe  
  16  0:43  Gateway  
  16  0:48  Assimilator  
  16  0:53  Probe (Chrono Boost)  
  17  1:05  Probe (Chrono Boost)  
  17  1:10  Assimilator  
  18  1:13  Probe (Chrono Boost)  
  19  1:20  Probe  
  20  1:30  Cybernetics Core  
  20  1:37  Pylon  
  20  1:42  Pylon  
  20  1:43  Zealot  
  22  1:52  Probe  
  23  2:04  Probe  
  24  2:13  Stargate  
  24  2:19  Adept (Chrono Boost)  
  26  2:33  Nexus  
  26  2:46  Stalker (Chrono Boost)  
  26  2:49  Robotics Facility  
  28  3:09  Stalker  
  30  3:14  Probe (Chrono Boost)  
  30  3:18  Assimilator  
  30  3:19  Oracle  
  34  3:20  Assimilator  
  34  3:25  Probe (Chrono Boost)  
  35  3:37  Probe  
  35  3:39  Zealot  
  38  3:50  Void Ray  
  38  3:52  Probe (Chrono Boost)  
  38  3:53  Probe (Chrono Boost)  
  45  4:05  Probe (Chrono Boost)  
  45  4:12  Gateway  
  45  4:13  Zealot  
  44  5:04  Void Ray  
  44  5:06  Pylon  
  44  5:08  Pylon  
  44  5:09  Stalker  
  46  5:25  Twilight Council, Pylon  
  46  5:26  Probe (Chrono Boost)  
  48  5:31  Pylon  
  48  5:32  Probe (Chrono Boost)  
  49  5:36  Probe (Chrono Boost)  
  49  5:37  Shield Battery  
  49  5:39  Stalker  
  49  5:40  Probe (Chrono Boost), Void Ray  
  52  5:46  Probe (Chrono Boost)  
  58  5:50  Probe (Chrono Boost)  
  58  5:54  Probe (Chrono Boost)  
  55  6:03  Stalker  
  53  6:09  Stalker  
  40  7:04  Nexus  
  40  7:05  Nexus  
  29  7:34  Probe x2 (Chrono Boost)  
  30  7:46  Probe (Chrono Boost)  
  31  7:56  Stalker  
  33  8:05  Pylon  
  33  8:08  Pylon  
  33  8:12  Pylon  
  33  8:17  Probe (Chrono Boost)  
  34  8:26  Probe x3 (Chrono Boost), Stalker  
  39  8:31  Probe (Chrono Boost)  
  39  8:32  Probe x2  
  40  9:06  Probe x3  
  43  9:12  Stargate  
  43  9:14  Stargate  
  41  9:19  Probe (Chrono Boost)  
  41  9:23  Probe (Chrono Boost)  
  43  9:26  Assimilator  
  43  9:29  Probe (Chrono Boost)  
  43  9:30  Assimilator  
  44  9:34  Probe (Chrono Boost)  
  41  9:41  Forge  
  41  9:42  Forge  
  41  9:43  Shield Battery  
  41  9:45  Probe  
  41  9:48  Pylon  
  41  9:52  Pylon  
  41  9:54  Pylon, Assimilator  
  41  9:55  Assimilator  
  35  10:02  Phoenix  
  37  10:19  Probe (Chrono Boost)  
  38  10:25  Probe (Chrono Boost)  
  38  10:26  Probe (Chrono Boost)  
  41  10:29  Probe (Chrono Boost)  
  41  10:33  Probe (Chrono Boost)  
  41  10:34  Probe (Chrono Boost)  
  43  10:36  Probe (Chrono Boost)  
  43  10:42  Blink  
  44  10:43  Probe  
  44  10:44  Probe  
  44  10:45  Probe  
  44  10:48  Phoenix  
  49  10:55  Probe  
  50  11:14  Probe  
  50  11:15  Probe x2  
  52  11:27  Probe x3  
  55  11:39  Probe  
  54  11:53  Photon Cannon  
  54  11:54  Photon Cannon  
  54  11:56  Photon Cannon  
  54  11:57  Photon Cannon  
  54  11:58  Photon Cannon  
  54  12:00  Photon Cannon  
  54  12:03  Pylon  
  54  12:06  Observer, Pylon  
  55  12:10  Pylon, Stalker  
  55  12:12  Phoenix  
  55  12:13  Phoenix, Pylon  
  55  12:14  Stalker  
  61  12:25  Nexus  
  61  12:27  Observer  
  62  12:37  Phoenix  
  62  12:38  Phoenix  
  62  12:40  Stalker  
  68  12:49  Observer  
  69  13:02  Phoenix  
  71  13:10  Observer  
  72  13:17  Stalker  
  72  13:18  Stalker  
  76  13:32  Observer, Nexus  
  77  13:37  Pylon x2  
  77  13:43  Pylon x2  
  77  13:47  Stalker  
  77  13:48  Stalker  
  81  14:04  Charge  
  81  14:17  Stalker  
  81  14:18  Gateway x2  
  81  14:19  Gateway  
  81  14:22  Gateway  
  83  14:27  Gateway x2  
  83  14:28  Warp Gate  
  83  14:30  Gateway  
  83  14:33  Gateway  
  83  14:34  Observer  
  83  14:37  Gateway, Phoenix x2  
  84  14:56  Observer  
  85  15:02  Phoenix (Chrono Boost)  
  85  15:03  Phoenix (Chrono Boost)  
  88  15:17  Observer  
  89  15:25  Phoenix (Chrono Boost)  
  89  15:26  Phoenix (Chrono Boost)  
  93  15:29  Stalker x2  
  96  15:38  Observer  
  96  15:42  Phoenix  
  71  16:00  Observer  
  66  16:24  Zealot  
  66  16:25  Zealot x3  
  74  16:28  Zealot  
  74  16:29  Zealot x4  
  84  16:40  Probe x2  
  83  16:52  Probe x2  
  83  16:53  Forge  
  85  17:03  Zealot x5  
  85  17:04  Probe x2, Zealot  
  97  17:16  Probe  
  98  17:31  Photon Cannon  
  98  17:32  Photon Cannon  
  98  17:35  Photon Cannon  
  98  17:37  Photon Cannon  
  92  17:41  Photon Cannon  
  92  17:42  Photon Cannon  
  92  17:43  Zealot  
  84  17:45  Photon Cannon  
  84  17:47  Photon Cannon  
  84  17:48  Photon Cannon  
Tags
 
Add a new tag
Caveats
  • Supply blocks, unpowered buildings, or Contaminate may cause inaccurate times.
  • Supply counts are checked every 10 seconds.